 Dungeon Crawl Stone Soup version 0.28-a0-479-g5baa6b73be (webtiles) character file.

Game seed: 15407879460917280832

63 SkeletonJelly the Cudgeller (level 3, -1/54 HPs)
             Began as a Troll Fighter on Sept 18, 2021.
             Succumbed to a goblin's poison
             ... on level 2 of the Dungeon.
             The game lasted 00:01:36 (1012 turns).

SkeletonJelly the Cudgeller (Troll Fighter)         Turns: 1012, Time: 00:01:36

Health: -1/54      AC: 21    Str: 25    XL:     3   Next: 89%
Magic:  2/2        EV:  1    Int:  4    God:
Gold:   57         SH:  7    Dex:  9    Spells: 2/2 levels left

rFire   . . .      SeeInvis .   a - +0 flail
rCold   . . .      Faith    .   c - +0 kite shield
rNeg    + + +      Spirit   .   (armour currently unavailable)
rPois   +          Reflect  .   (helmet currently unavailable)
rElec   .          Harm     .   (cloak currently unavailable)
rCorr   .          Rampage  .   (gloves unavailable)
Will    .....      NoTele   +   (boots unavailable)
Stlth   +.........              (no amulet)
HPRegen 1.18/turn               (no ring)
MPRegen 0.08/turn               (no ring)

@: lethally poisoned (-1 -> -11), tree-form
A: stationary, stasis, torment immunity, boosted hp, large, unfitting armour,
(claws 3), regeneration 1, (shaggy fur 1), (tough skin 1)
a: no special abilities


You were on level 2 of the Dungeon.
You were a tree.
You visited 1 branch of the dungeon, and saw 2 of its levels.

You collected 57 gold pieces.

Inventory:

Hand Weapons
 a - a +0 flail (weapon)
 h - a +1 mace of protection
Missiles
 l - 8 poisoned darts (quivered)
Armour
 b - a +0 robe (melded)
 c - a +0 kite shield (worn)
Scrolls
 e - a scroll of holy word {unknown}
 j - 3 scrolls of identify {unknown}
Potions
 d - 2 potions of might
 f - a potion of lignification
 g - a potion of attraction {unknown}
 i - a potion of flight


   Skills:
 - Level 2.4 Fighting
 * Level 3.3 Maces & Flails
 - Level 2.4 Dodging
 + Level 3.0 Shields


You had 2 spell levels left.
You didn't know any spells.
Your spell library was empty.

Dungeon Overview and Level Annotations

Branches:
Dungeon (2/15)

Altars:

Annotations:
D:2 Robin


Innate Abilities, Weirdness & Mutations

You are a tree.
Your roots penetrate the ground, keeping you stationary.
You cannot be teleported.
You are immune to unholy pain and torment.
Your maximum health is greatly increased.
Your equipment is partially melded.
You are too large for most types of armour.
((You have claws for hands.))
Your natural rate of healing is unusually fast.
((You are covered in fur. (AC +1)))
((You have tough skin. (AC +1)))


Message History

You are poisoned.
The goblin closely misses you.
Robin says, "My goblins will feast on your bones."
Robin throws the goblin at you! The goblin hits you but does no damage.
You block the goblin's attack. The goblin hits you but does no damage.
You thump the goblin!
You kill the goblin!
You feel very sick. Robin throws the goblin at you!
The goblin closely misses you. You block the goblin's attack. x2
Robin roars a battlecry!
The goblins go into a battle-frenzy!
The goblin hits you with a club. You block the goblin's attack.
You hear a shout!
You closely miss the goblin.
You feel sick.
The goblin hits you with a +0 dagger of venom.
The goblin hits you with a +0 dagger.
Robin roars a battlecry!
The goblin misses you. The goblin hits you but does no damage.
The goblin hits you with a +0 club.
You hear a shout!
You completely miss the goblin.
You feel sick.
You hear a shout! x2
The goblin hits you but does no damage.
You are more poisoned.
The goblin barely misses you. The goblin hits you but does no damage.
The goblin hits you with a +0 dagger. You block the goblin's attack.
The goblin hits you but does no damage.
You are more poisoned.
The goblin closely misses you. The goblin hits you but does no damage.
The goblin hits you with a +0 dagger.
You are too injured to fight recklessly!
You are too injured to fight recklessly!
You are too injured to fight recklessly!
You are too injured to fight recklessly!
You are too injured to fight recklessly!
You are too injured to fight recklessly!
You are too injured to fight recklessly!
You are too injured to fight recklessly!
You are too injured to fight recklessly!
You are too injured to fight recklessly!
You are too injured to fight recklessly!
You are too injured to fight recklessly!
You are too injured to fight recklessly!
You are too injured to fight recklessly!
You are too injured to fight recklessly!
You are too injured to fight recklessly!
You are too injured to fight recklessly!
You are too injured to fight recklessly!
You are too injured to fight recklessly!
You are too injured to fight recklessly!
You are too injured to fight recklessly!
You take 19 damage, and have 17/36 hp.
MASSIVE DAMAGE!!
You are too injured to fight recklessly!
You are too injured to fight recklessly!
You are too injured to fight recklessly!
You are too injured to fight recklessly!
You are too injured to fight recklessly!
You are too injured to fight recklessly!
You are too injured to fight recklessly!
You are too injured to fight recklessly!
You are too injured to fight recklessly!
You are too injured to fight recklessly!
You are too injured to fight recklessly!
You are too injured to fight recklessly!
You are too injured to fight recklessly!
You are too injured to fight recklessly!
You are too injured to fight recklessly!
You are too injured to fight recklessly!
You are too injured to fight recklessly!
You are too injured to fight recklessly!
You are too injured to fight recklessly!
You are too injured to fight recklessly!
You are too injured to fight recklessly!
You are too injured to fight recklessly!
You are too injured to fight recklessly!
You are too injured to fight recklessly!
As you read the scroll labelled PAM ANOITEPNEZ, it crumbles to dust.
The scroll dissolves into smoke.
It was a scroll of fog.
You feel very sick. You block the goblin's attack.
The goblin hits you with a +0 dagger of venom.
You are lethally poisoned!
The goblin hits you with a +0 dagger.
* * * LOW HITPOINT WARNING * * *
The goblin barely misses you. The goblin hits you with a +0 dagger.
* * * LOW HITPOINT WARNING * * *
You take 10 damage, and have 7/36 hp.
MASSIVE DAMAGE!!
It was a potion of lignification.
You turn into a tree.
Your +0 robe melds into your body.
Your roots penetrate the ground.
* * * LOW HITPOINT WARNING * * *
You feel very sick.
The goblin hits you with a +0 dagger of venom.
* * * LOW HITPOINT WARNING * * *
The goblin hits you but does no damage. The goblin hits you with a +0 club.
* * * LOW HITPOINT WARNING * * *
The goblin hits you but does no damage.
You now have 2/54 hp.
It was a potion of flight.
Your roots keep you in place.
You die...

#.#...## #...# ##.#.........
##......######...####..>.....##..
#....##.#.............#..........
........................#.#.#....
#...#.#.#..†..........###.#.###.(
##.##.#.######...###### #........
#. ....# #§§§# #........ ####.###
#§gg# #.##..... #. #§g♣#
#.......# # #§gg# #.##....# ##g##
#.###.#.# #. #.###.#.# #.
#......). .. #######.# #. #.. ##
###


You could see Robin and 5 goblins.

Vanquished Creatures
  3 adders (D:2)
  2 dart slugs (D:1)
  5 ball pythons
  3 bats (D:1)
  5 endoplasms
  6 goblins
  A hobgoblin (D:2)
  A kobold (D:1)
  A quokka (D:1)
  2 rats
29 creatures vanquished.

Notes
Turn   | Place    | Note
-------+----------+-------------------------------------------
     0 | D:1      | SkeletonJelly the Troll Fighter began the quest for the
                  | Orb.
     0 | D:1      | Reached XP level 1. HP: 22/22 MP: 0/0
    77 | D:1      | Reached XP level 2. HP: 29/29 MP: 1/1
   587 | D:1      | Found a faded altar of an unknown god.
   742 | D:2      | Reached XP level 3. HP: 36/36 MP: 2/2
  1004 | D:2      | Noticed Robin
  1011 | D:2      | HP: 2/54 [goblin[Robin] (2)]
  1012 | D:2      | Succumbed to a goblin's poison

Illustrated notes

Levels and vault maps discovered:
D:1:      minmay_arrival_jagged, layout_rooms,
          shapermc_ecumenical_altar_hornbeckon
D:2:      layout_loops_cross, serial_shops, shop, uniq_robin

Skill      XL: |  1  2  3 |
---------------+----------+-----
Maces & Flails | 2 3 |  3.3
Shields        | 3 |  3.0
Fighting       | |  2.4
Dodging        | |  2.4

Action                   || total
-------------------------++-------
Melee: Flail             ||    89
  Use: Potion            ||     2
       Scroll            ||     1
 Stab: Sleeping          ||     2
Armor: Robe              ||    53
       Skin              ||     2
Dodge: Dodged            ||    42
Block: Kite shield       ||    44

Table legend: (Time is in decaauts)
 A = Elapsed time spent in this place.
 B = Non-inter-level travel time spent in this place.
 C = Inter-level travel time spent in this place.
 D = Time resting spent in this place.
 E = Time spent auto-exploring this place.
 F = Levels seen in this place.
 G = Mean time per level.
                   A        B        C        D        E       F      G
               +--------+--------+--------+--------+--------+-----+--------+
         Total |   1065 |    967 |     98 |      0 |    724 |   2 |  532.5 |
       Dungeon |   1065 |    967 |     98 |      0 |    724 |   2 |  532.5 |
               +--------+--------+--------+--------+--------+-----+--------+

Top non-repeatable levels by time:
     D:1: 761 daAuts
     D:2: 303 daAuts
